 Seeded DCSS version 0.30-a0-715-gdb4ae3ece1 (webtiles) character file.

Game seed: 17543857038586890609 (custom seed)

140 flotson the Sneak (level 5, 0/41 HPs)
             Began as a Demonspawn Delver on Jan 24, 2023.
             Succumbed to a water moccasin's poison
             ... on level 5 of the Dungeon.
             The game lasted 00:03:25 (701 turns).

flotson the Sneak (Demonspawn Delver)                Turns: 701, Time: 00:03:25

Health: 0/41       AC:  6    Str: 14    XL:     5   Next: 2%
Magic:  5/5        EV: 10    Int: 11    God:
Gold:   52         SH:  4    Dex: 15    Spells: 4/4 levels left

rFire   . . .      SeeInvis .    b - +1 arbalest
rCold   . . .      Faith    .    (shield currently unavailable)
rNeg    . . .      Spirit   .    e - +0 scale mail
rPois   .          Reflect  .    (helmet restricted)
rElec   .          Harm     .    (no cloak)
rCorr   .          Rampage  .    (no gloves)
Will    .....                    (no boots)
Stlth   ++                       (no amulet)
HPRegen 0.26/turn                (no ring)
MPRegen 0.09/turn                (no ring)

@: lethally poisoned (0 -> -5), flying
A: antennae 2, large bone plates 1
a: no special abilities


You were on level 5 of the Dungeon.
You visited 1 branch of the dungeon, and saw 2 of its levels.

You collected 52 gold pieces.

Inventory:

Hand Weapons
 a - a +0 hand axe
 b - a +1 arbalest (weapon)
Missiles
 d - 3 boomerangs
Armour
 e - a +0 scale mail (worn)
 h - a +0 leather armour
Wands
 g - a wand of digging (1)
Scrolls
 c - a scroll of fog


   Skills:
 + Level 3.5 Fighting
 + Level 2.5 Axes
 + Level 1.4 Armour
 + Level 2.5 Dodging
 + Level 4.9 Stealth
 + Level 1.6 Evocations


You had 4 spell levels left.
You didn't know any spells.
Your spell library contained the following spells:

 Spells                   Type           Power      Damage    Failure   Level
 Passage of Golubria      Tloc           0%         N/A       100%        4
 Silence                  Hex/Air        0%         N/A       100%        5
 Lehudib's Crystal Spear  Conj/Erth      0%         10d2      100%        8


Dungeon Overview and Level Annotations

Branches:
Dungeon (5/15)
 Temple: D:4-7

Altars:

Annotations:
D:4 Blork the orc


Innate Abilities, Weirdness & Mutations

You have a pair of antennae on your head.
You are partially covered in large bone plates. (SH +4)


Message History

The orc attacks as you move away! The orc hits you with a +0 hand axe.
The water moccasin attacks as you move away!
The water moccasin barely misses you. The water moccasin bites you.
The water moccasin attacks as you move away!
You block the water moccasin's attack. x2
The water moccasin attacks as you move away!
You block the water moccasin's attack.
The water moccasin attacks as you move away!
The water moccasin barely misses you.
The water moccasin completely misses you.
You see here a scroll labelled WIFIOR MOUWACHU.
As you read the scroll labelled WIFIOR MOUWACHU, it crumbles to dust.
It is a scroll of enchant weapon.
Your +0 arbalest glows red for a moment.
The water moccasin bites you.
The water moccasin attacks as you move away!
You block the water moccasin's attack.
The water moccasin bites you but does no damage.
The water moccasin attacks as you move away!
The water moccasin bites you.
You are poisoned.
The water moccasin poisons you!
Found a scroll labelled QESONL WOJUFRAGUJ.
You feel very sick.
You feel very sick. The water moccasin bites you.
* * * LOW HITPOINT WARNING * * *
You aren't carrying any potions.
* * * LOW HITPOINT WARNING * * *
You feel very sick.
* * * LOW HITPOINT WARNING * * *
You feel sick. The water moccasin closely misses you.
The water moccasin attacks as you move away!
The water moccasin bites you but does no damage.
You feel sick.
The water moccasin attacks as you move away!
The water moccasin bites you.
* * * LOW HITPOINT WARNING * * *
You die...

.#...........#.#.#......,*+*,,,**
.#.#.#...#.#.#...#.#....,,,,,,,*
.....#.#.#..........#,,..,,,,,,*
..##.......##.....###....,,,,,,*
.......#.........o.......,,*****
#.#....#....#.###o###..#****
.......#........S......#
..##.......##.....###..# ***
.....#.#.#......@......#*******,,
.#.#.#...#.#.#...#.###..,,,,,**,*
.#...........#.#.#..#*,*****,**,*
...##.....##..$.(..##*,*****,**,*
...............#....,,,,,,,,,,,,,
....#.###.#...$#....*,,,****,**,*
............$..#...,,,,,,* *,**,*
...##.....##.......#*,,,****,**,,
.#...........#.#.*,,**,,,,,,,****


You could see a water moccasin and 2 orcs.

Vanquished Creatures
  An orc priest (D:5)
  2 hounds (D:5)
  An iguana (D:5)
  An adder (D:5)
  A shadow imp (D:5)
  An orc (D:5)
  A quokka (D:5)
8 creatures vanquished.

Notes
Turn   | Place    | Note
-------+----------+-------------------------------------------
     0 | D:5      | flotson the Demonspawn Delver began the quest for the Orb.
     0 | D:5      | Reached XP level 1. HP: 18/18 MP: 1/1
   128 | D:5      | Noticed a hound
   144 | D:5      | Killed a hound
   145 | D:5      | Gained mutation: You have a pair of small antennae on your
                  | head. [demonic ancestry]
   145 | D:5      | Reached XP level 2. HP: 10/24 MP: 2/2
   145 | D:5      | Gained mutation: You are partially covered in large bone
                  | plates. (SH +4) [demonic ancestry]
   145 | D:5      | Reached XP level 3. HP: 12/29 MP: 3/3
   314 | D:5      | Reached skill level 1 in Armour
   314 | D:5      | Reached skill level 1 in Evocations
   358 | D:5      | Noticed an ice beast
   361 | D:5      | Reached XP level 4. HP: 35/35 MP: 4/4
   389 | D:5      | Noticed a water moccasin
   424 | D:4      | Noticed Blork the orc
   516 | D:5      | Gained mutation: You have a pair of antennae on your head.
                  | [demonic ancestry]
   516 | D:5      | Reached XP level 5. HP: 23/41 MP: 5/5
   701 | D:5      | HP: 2/41 [water moccasin (5)]
   701 | D:5      | Succumbed to a water moccasin's poison

Illustrated notes

Levels and vault maps discovered:
D:4:      layout_basic, mainiacjoe_overflow_cross_hatched, uniq_sigmund,
          uniq_blork_the_orc, uniq_robin
D:5:      nicolae_cairo_tiling_large_dashed, layout_loops_corners,
          nicolae_gozag_seed_capital, minmay_overflow_temple_star_quad,
          serial_rivers, chequers_serial_rivers_micro_e,
          chequers_serial_rivers_large_b, chequers_serial_rivers_micro_c,
          chequers_serial_rivers_room_b, roderic_lattice_a,
          nicolae_shop_unique_rings, grunt_ministairs_10

Skill      XL: |  1  2  3 |
---------------+----------+-----
Axes           | 2 |  2.5
Dodging        | 2 |  2.5
Armour         | 1 |  1.4
Evocations     | 1 |  1.6
Fighting       | |  3.5
Stealth        | |  4.9

Action                     |  1- 3 |  4- 6 || total
---------------------------+-------+-------++-------
  Melee: Hand axe          |    15 |       ||    15
   Fire: Arbalest          |     8 |    11 ||    19
  Evoke: Wand              |       |     2 ||     2
    Use: Potion            |     1 |     1 ||     2
         Scroll            |       |     3 ||     3
   Stab: Sleeping          |     1 |       ||     1
 Armour: Leather armour    |     6 |     1 ||     7
         Scale mail        |       |     7 ||     7
  Dodge: Dodged            |    10 |    31 ||    41
  Block: Other             |       |    10 ||    10

Table legend: (Time is in decaauts)
 A = Elapsed time spent in this place.
 B = Non-inter-level travel time spent in this place.
 C = Inter-level travel time spent in this place.
 D = Time resting spent in this place.
 E = Time spent auto-exploring this place.
 F = Levels seen in this place.
 G = Mean time per level.
                   A        B        C        D        E       F      G
               +--------+--------+--------+--------+--------+-----+--------+
         Total |    734 |    734 |      0 |     32 |    390 |   2 |  367.0 |
       Dungeon |    734 |    734 |      0 |     32 |    390 |   2 |  367.0 |
               +--------+--------+--------+--------+--------+-----+--------+

Top non-repeatable levels by time:
     D:5: 728 daAuts
     D:4: 6 daAuts
